 Dungeon Crawl Stone Soup version 0.24.0-13-gcf9b319 (webtiles) character file.

Game seed: 14089591917956839906, levelgen mode: deterministic

116 Bronimir the Digger (level 4, -5/24 HPs)
             Began as a Deep Elf Earth Elementalist on Mar 30, 2020.
             Slain by a centaur (6 damage)
             ... on level 3 of the Dungeon.
             The game lasted 00:06:03 (2887 turns).

Bronimir the Digger (Deep Elf Earth Elementalist)   Turns: 2887, Time: 00:06:04

Health: -5/24      AC:  4    Str:  5    XL:     4   Next: 69%
Magic:  2/12       EV: 12    Int: 21    God:
Gold:   170        SH:  0    Dex: 15    Spells: 1/11 levels left

rFire    . . .     SeeInvis .   a - +0 dagger
rCold    + . .     Gourm    .   (no shield)
rNeg     . . .     Faith    .   p - +0 leather armour {rC+}
rPois    .         Spirit   .   (no helmet)
rElec    .         Reflect  .   (no cloak)
rCorr    .         Harm     .   (no gloves)
MR       .....                  q - +0 pair of boots
Stlth    ++........             (no amulet)
HPRegen  0.08/turn              x - ring of flight
MPRegen  0.13/turn              (no ring)

@: no status effects
A: no striking features
a: Evoke Flight


You were on level 3 of the Dungeon.
You were hungry.

You visited 1 branch of the dungeon, and saw 3 of its levels.

You collected 170 gold pieces.

Inventory:

Hand Weapons
 a - a +0 dagger (weapon)
 b - a +0 hunting sling
 h - a +0 club
Missiles
 g - 67 stones
 r - 11 sling bullets
 s - 8 javelins (quivered)
 w - 38 arrows
 B - 28 bolts
Armour
 c - a +0 robe
 p - a +0 leather armour of cold resistance (worn)
 q - a +0 pair of boots (worn)
Magical Staves
 D - an uncursed staff of poison
Jewellery
 x - a ring of flight (left hand)
 y - an uncursed amulet of the acrobat {unknown}
Wands
 E - a wand of flame (28)
Scrolls
 e - 2 scrolls of enchant armour {unknown}
 i - a scroll of enchant weapon {unknown}
 j - a scroll of magic mapping {unknown}
 l - a scroll of fear {unknown}
 n - 5 scrolls of remove curse {unknown}
 u - a scroll of identify {unknown}
 A - a scroll of teleportation {unknown}
 C - a scroll of fog {unknown}
Potions
 f - 2 potions of cancellation {unknown}
 k - 2 potions of curing {unknown}
 m - a potion of haste {unknown}
 o - 3 potions of brilliance {unknown}
 t - 3 potions of heal wounds {unknown}
 v - a potion of degeneration {unknown}
 z - a potion of ambrosia {unknown}
Comestibles
 d - 5 rations


   Skills:
 + Level 0.1 Throwing
 * Level 0.9 Armour
 * Level 2.7 Dodging
 - Level 2.4 Stealth
 * Level 4.1 Spellcasting
 * Level 0.9 Conjurations
 * Level 2.1 Transmutations
 * Level 4.4 Earth Magic


You had one spell level left.
You knew the following spells:

 Your Spells              Type           Power        Failure   Level  Hunger
a - Sandblast             Erth           ###...       3%          1    None
b - Passwall              Tmut/Erth      ###.....     8%          2    #......
c - Stone Arrow           Conj/Erth      ###...       19%         3    ###....
d - Petrify               Tmut/Erth      ###.....     43%         4    ####...

Your spell library contained the following spells:

 Spells                   Type           Power        Failure   Level  Hunger
 Lee's Rapid Deconstruct  Erth           ###.......   65%         5    ######.


Dungeon Overview and Level Annotations

Branches:
Dungeon (3/15)

Altars:


Message History

You are feeling hungry.
Casting: Stone Arrow (safe; 19% risk of failure)
Confirm with . or Enter, or press ? or * to list all spells.
Aiming: Sandblast (safe; 3% risk of failure)
Press: ? - help, Shift-Dir - straight line, f - centaur
Aim: a centaur, wielding a +0 shortbow The blast of sand hits the centaur.
The centaur is lightly wounded.
g - 68 stones
Casting: Sandblast (safe; 3% risk of failure)
Confirm with . or Enter, or press ? or * to list all spells.
Aiming: Sandblast (safe; 3% risk of failure)
Press: ? - help, Shift-Dir - straight line, f/p - centaur
Aim: a centaur, wielding a +0 shortbow (lightly wounded)
The blast of sand misses the centaur.
g - 67 stones The centaur unwields a +0 shortbow.
The centaur hits you!
* * * LOW HITPOINT WARNING * * *
The centaur hits you.
You die...

#.# $.#.#
#.#.# #.#.#
#.#.# #.#.#
#.#.#
#.#####.#.####
#....@c......#
#######(######
............#
....>..).....#
####.#.#.#.###
#.... .>.#
##.#c K#.# ...
... # #. .# #


You could see a centaur.

Vanquished Creatures
  5 adders (D:2)
  A worm (D:3)
  A dart slug (D:3)
  2 leopard geckos (D:1)
  An orc (D:3)
  5 bats
  7 giant cockroaches
  8 goblins
  7 hobgoblins
  3 jackals (D:2)
  3 quokkas
  2 ball pythons
  4 frilled lizards
  4 kobolds
  7 rats
60 creatures vanquished.

Notes
Turn   | Place    | Note
-------+----------+-------------------------------------------
     0 | D:1      | Bronimir the Deep Elf Earth Elementalist began the quest
                  | for the Orb.
     0 | D:1      | Reached XP level 1. HP: 10/10 MP: 6/6
   134 | D:1      | Reached XP level 2. HP: 15/15 MP: 5/8
   225 | D:1      | Learned a level 2 spell: Passwall
   444 | D:1      | Reached XP level 3. HP: 12/19 MP: 10/10
  1176 | D:2      | Learned a level 3 spell: Stone Arrow
  1666 | D:2      | Reached XP level 4. HP: 19/24 MP: 1/12
  1971 | D:2      | Learned a level 4 spell: Petrify
  2879 | D:3      | Noticed a centaur
  2887 | D:3      | HP: 1/24 [centaur (9)]
  2887 | D:3      | Slain by a centaur

Levels and vault maps discovered:
D:1:      eino_arrival_water_star, layout_basic, minmay_misc_feat_tiny
D:2:      minmay_recursive_quarters, layout_basic
D:3:      layout_basic, led_sif_book, first_ration, minmay_strange_pillars,
          minmay_misc_feat_secret_circle, st_stairs_8, minmay_misc_feat_rows

Skill      XL: |  1  2  3  4 |
---------------+-------------+-----
Earth Magic    | 4 |  4.4
Spellcasting   | 4 |  4.1
Transmutations | 2 |  2.1
Throwing       | |  0.1
Armour         | |  0.9
Dodging        | |  2.7
Stealth        | |  2.4
Conjurations   | |  0.9

Action                   |  1- 3 |  4- 6 || total
-------------------------+-------+-------++-------
Melee: Dagger            |    31 |     4 ||    35
Throw: Javelin           |     8 |       ||     8
 Cast: Sandblast         |    41 |    15 ||    56
       Stone Arrow       |     3 |    17 ||    20
 Stab: Sleeping          |     1 |       ||     1
  Eat: Chunk             |     2 |     5 ||     7
Armor: Leather armour    |    12 |     5 ||    17
Dodge: Dodged            |    43 |    13 ||    56
